 Dungeon Sprint DCSS version 0.26-a0-665-gefeb406119 (webtiles) character file.

Game seed: 9162552796085836608

260 mhtbhm the Martial Artist (level 6, -1/39 HPs)
             Began as an Octopode Transmuter on Oct 15, 2020.
             Was a Follower of Makhleb.
             Slain by an orc warrior
             ... wielding a +0 trident
              (25 damage)
             ... in the Dungeon (Sprint IX: "|||||||||||||||||||||||||||||").
             The game lasted 00:01:15 (428 turns).

mhtbhm the Martial Artist (Octopode Transmuter)      Turns: 428, Time: 00:01:17

Health: -1/39      AC:  1    Str: 15    XL:     6   Next: 17%
Magic:  6/13       EV: 16    Int: 15    God:    Makhleb [*.....]
Gold:   0          SH:  0    Dex: 15    Spells: 8/14 levels left

rFire    . . .     SeeInvis .     - Unarmed
rCold    . . .     Faith    .   (no shield)
rNeg     . . .     Spirit   .   (helmet restricted)
rPois    .         Reflect  .   (no amulet)
rElec    .         Harm     .   k - +3 ring of dexterity
rCorr    .         Rampage  .   l - +3 ring of strength
MR       .....     NoTele   +   (no ring)
Stlth    +++.......             (no ring)
HPRegen  0.13/turn              (no ring)
MPRegen  0.13/turn              (no ring)
                                (no ring)
                                (no ring)

@: wereblooded
A: almost no armour, stealthy swim, amphibious, 8 rings, constrict 8, camouflage
1, gelatinous body 1
a: Renounce Religion


You were in the Dungeon.
You worshipped Makhleb.
Makhleb was aware of your devotion.
You visited 1 branch

Inventory:

Jewellery
 k - a +3 ring of dexterity (left tentacle)
 l - a +3 ring of strength (right tentacle)
Wands
 j - a wand of iceblast (9)
Scrolls
 g - 2 scrolls of blinking
 h - 3 scrolls of remove curse
 i - 2 scrolls of amnesia
Potions
 a - a potion of invisibility
 b - 3 potions of curing
 c - 3 potions of heal wounds
 d - a potion of haste
 e - 4 potions of magic
 f - a potion of berserk rage


   Skills:
 + Level 2.2 Fighting
 + Level 4.8 Dodging
 + Level 1.5 Stealth
 + Level 9.2 Unarmed Combat
 + Level 4.6 Spellcasting
 + Level 5.6 Transmutations


You had 8 spell levels left.
You knew the following spells:

 Your Spells              Type           Power        Failure   Level
a - Beastly Appendage     Tmut           ###...       1%          1
b - Wereblood             Tmut           ###.....     2%          2
c - Spider Form           Tmut/Pois      ##........   16%         3

Your spell library contained the following spells:

 Spells                   Type           Power        Failure   Level
 Blade Hands              Tmut           ###.......   43%         5
 Ice Form                 Ice/Tmut       ##......     47%         4


Dungeon Overview and Level Annotations

Branches:
Dungeon (1/1)

Altars:
Cheibriados
Dithmenos
Elyvilon
Fedhas
Gozag
Hepliaklqana
Kikubaaqudgha
Makhleb
Nemelex Xobeh
Okawaru
Qazlal
Ru
Sif Muna
Trog
Uskayaw
Vehumet
Wu Jian
Xom
Yredelemnul
Zin
The Shining One
Beogh
Jiyva
Lugonu


Innate Abilities, Weirdness & Mutations

You cannot wear most types of armour.
You are very stealthy in the water. (Stealth+)
You are amphibious.
You can wear up to eight rings at the same time.
You can use your tentacles to constrict eight enemies at once.
Your skin changes colour to match your surroundings (Stealth+).
Your rubbery body absorbs attacks. (AC +1, EV +1)


Message History

The bullfrog is severely wounded.
The bullfrog closely misses you.
You bludgeon the bullfrog!
You kill the bullfrog!
Makhleb accepts your kill.
Your Unarmed Combat skill increases to level 9!
You have reached level 6!
Your experience leads to an increase in your attributes!
Your base attributes are Str 11, Int 15, Dex 12.
Increase (S)trength, (I)ntelligence, or (D)exterity?
You feel stronger.
Unknown command.
You barely miss the quokka. You grab the quokka.
You pierce the quokka.
You kill the quokka!
Makhleb accepts your kill.
You feel better.
Your tentacle spike disappears.
The orc warrior hits you from afar with a +0 trident!!
Ouch! That really hurt!
You die... ▓▓▓▓▓▓▓▓▓▓▓▓▓▓▓▓▓▓▓▓▓▓▓▓ +....o)@..[[[.)..'______ ▓▓▓▓▓▓▓▓▓▓▓▓▓▓▓▓▓▓▓▓▓▓▓▓

You could see an orc warrior.

Vanquished Creatures
  An ogre (D)
  A bullfrog (D)
  A killer bee (D)
  An orc wizard (D)
  A gnoll (D)
  An adder (D)
  An ufetubus (D)
  An orc (D)
  2 goblins (D)
  A kobold (D)
  2 quokkas (D)
  2 rats (D)
15 creatures vanquished.

Notes
Turn   | Place    | Note
-------+----------+-------------------------------------------
     0 | D        | mhtbhm the Octopode Transmuter began the quest for the Orb.
     0 | D        | Reached XP level 1. HP: 13/13 MP: 3/3
   155 | D        | Noticed an orc wizard
   157 | D        | Reached skill level 4 in Unarmed Combat
   157 | D        | Reached XP level 2. HP: 14/18 MP: 3/5
   166 | D        | Reached skill level 5 in Unarmed Combat
   166 | D        | Reached XP level 3. HP: 12/23 MP: 4/7
   170 | D        | Reached skill level 6 in Unarmed Combat
   170 | D        | Reached XP level 4. HP: 13/28 MP: 4/8
   175 | D        | Learned a level 2 spell: Wereblood
   179 | D        | Learned a level 3 spell: Spider Form
   340 | D        | Found a roughly hewn altar of Beogh.
   340 | D        | Found a snail-covered altar of Cheibriados.
   340 | D        | Found a shadowy altar of Dithmenos.
   340 | D        | Found a white marble altar of Elyvilon.
   340 | D        | Found a blossoming altar of Fedhas.
   340 | D        | Found an opulent altar of Gozag.
   341 | D        | Found a hazy altar of Hepliaklqana.
   342 | D        | Found a viscous altar of Jiyva.
   343 | D        | Found an ancient bone altar of Kikubaaqudgha.
   344 | D        | Found a corrupted altar of Lugonu.
   345 | D        | Found a burning altar of Makhleb.
   346 | D        | Found a sparkling altar of Nemelex Xobeh.
   347 | D        | Found an iron altar of Okawaru.
   348 | D        | Found a stormy altar of Qazlal.
   349 | D        | Found a sacrificial altar of Ru.
   350 | D        | Found a shimmering blue altar of Sif Muna.
   351 | D        | Found a bloodstained altar of Trog.
   352 | D        | Found a hide-covered altar of Uskayaw.
   353 | D        | Found a radiant altar of Vehumet.
   354 | D        | Found an ornate altar of the Wu Jian Council.
   355 | D        | Found a shimmering altar of Xom.
   356 | D        | Found a basalt altar of Yredelemnul.
   357 | D        | Found a glowing silver altar of Zin.
   358 | D        | Found a glowing golden altar of the Shining One.
   379 | D        | Became a worshipper of Makhleb the Destroyer
   413 | D        | Noticed an orc warrior
   413 | D        | Noticed a bullfrog
   413 | D        | Noticed an ogre
   420 | D        | Reached skill level 7 in Unarmed Combat
   423 | D        | Killed an ogre
   423 | D        | Reached skill level 1 in Stealth
   423 | D        | Reached skill level 8 in Unarmed Combat
   423 | D        | Reached skill level 5 in Transmutations
   423 | D        | Reached XP level 5. HP: 18/34 MP: 6/11
   424 | D        | Reached * piety under Makhleb
   427 | D        | Reached skill level 9 in Unarmed Combat
   427 | D        | Reached XP level 6. HP: 23/39 MP: 6/13
   428 | D        | Slain by an orc warrior

Illustrated notes

Levels and vault maps discovered:
D:        linesprint [early_d, line_temple, items_1, d_10, items_2, lair_1,
          lair_end, items_3, orc_1, orc_end, items_4, d_15, swamp_1, shoals_1,
          snake_1, spider_1, d_20, vaults_1, items_5, swamp_end, shoals_end,
          snake_end, spider_end, vaults_end, d_27, items_6, zot_1, zot_end,
          crypt_end, forest_end, elf_end, slime_end, tomb_end, abyss_end,
          pan_hell_end]

Skill      XL: |  1  2  3  4  5 |
---------------+----------------+-----
Unarmed Combat | 4 5 6 8 9 |  9.2
Transmutations | 3 5 |  5.6
Dodging        | 3 4 |  4.8
Spellcasting   | 3 4 |  4.6
Fighting       | 2 |  2.2
Stealth        | 1 |  1.5

Action                   |  1- 3 |  4- 6 || total
-------------------------+-------+-------++-------
Melee: Unarmed           |    24 |    11 ||    35
       Constrict         |     6 |     2 ||     8
       Kick              |     4 |     5 ||     9
       Tentacles         |     4 |     3 ||     7
       Punch             |     1 |     1 ||     2
 Cast: Beastly Appendage |     2 |     1 ||     3
       Wereblood         |       |     2 ||     2
Evoke: Wand              |       |     1 ||     1
  Use: Potion            |       |     2 ||     2
 Stab: Sleeping          |       |     1 ||     1
Dodge: Dodged            |    13 |     9 ||    22

Table legend: (Time is in decaauts)
 A = Elapsed time spent in this place.
 B = Non-inter-level travel time spent in this place.
 C = Inter-level travel time spent in this place.
 D = Time resting spent in this place.
 E = Time spent auto-exploring this place.
 F = Levels seen in this place.
 G = Mean time per level.
                   A        B        C        D        E       F      G
               +--------+--------+--------+--------+--------+-----+--------+
         Total |    424 |    424 |      0 |    287 |      0 |   1 |  424.0 |
       Dungeon |    424 |    424 |      0 |    287 |      0 |   1 |  424.0 |
               +--------+--------+--------+--------+--------+-----+--------+

Top non-repeatable levels by time:
       D: 424 daAuts
